Map: Interloper LE

Players

INnoVation - Winner!

  • Race: Terran Terran
  • Spawn Location: 5:00

TYTY (TY)

  • Race: Terran Terran
  • Spawn Location: 11:00

Event: 2017 WCS Global Finals

VOD

Have the link to the VOD?

Description

Time

  • Played on: Nov. 3, 2017, 8:23 p.m.
  • Length: 6:16

All games in this series

Show
View Real Time Build Order
Export as new Build Order

INnoVation Terran - Winner!

Build Orders: Cyclone Opening, Reaper Expand 

Get SALT Encoding   

  12  0:00  SCV  
  13  0:12  SCV  
  14  0:17  Supply Depot  
  14  0:24  SCV  
  15  0:38  SCV  
  15  0:41  Barracks  
  16  0:43  Refinery  
  16  0:50  SCV  
  17  1:02  SCV  
  18  1:14  SCV  
  19  1:27  Orbital Command  
  19  1:28  Reaper  
  20  1:42  Command Center  
  20  1:53  SCV  
  21  1:57  Supply Depot  
  21  2:00  Marine  
  22  2:07  Factory  
  22  2:08  SCV  
  22  2:15  Refinery  
  23  2:18  Marine  
  24  2:30  SCV  
  24  2:32  Barracks  
  24  2:36  Marine  
  26  2:43  SCV  
  26  2:50  Cyclone  
  29  2:55  Orbital Command  
  29  2:57  SCV  
  30  3:00  Barracks Reactor  
  30  3:09  SCV  
  30  3:11  Engineering Bay  
  31  3:20  Barracks Tech Lab  
  31  3:21  SCV x2  
  33  3:33  SCV x2  
  35  3:36  Supply Depot, Marine  
  35  3:37  Marine  
  35  3:38  Stimpack  
  35  3:39  Terran Infantry Weapons Level 1  
  37  3:42  Marine  
  37  3:46  SCV x2  
  40  3:56  Starport  
  40  3:58  SCV x2  
  40  3:59  Marine x2  
  40  4:00  Marine  
  45  4:02  Factory Reactor  
  45  4:08  Supply Depot  
  45  4:10  SCV  
  45  4:11  SCV  
  47  4:18  Refinery  
  47  4:19  Marine x3  
  50  4:25  SCV x2  
  52  4:37  Supply Depot, SCV x2  
  54  4:39  Marine x3  
  54  4:42  Medivac x2  
  61  4:46  Factory Tech Lab  
  61  4:47  Supply Depot  
  61  4:49  SCV  
  62  4:58  Marine x3  
  62  4:59  SCV  
  66  5:00  Supply Depot  
  65  5:11  SCV x2  
  58  5:16  Marine x3  
  54  5:23  SCV x2  
  54  5:26  Siege Tank  
  58  5:33  Medivac  
  58  5:35  SCV x2  
  62  5:39  Marine x3  
  65  5:47  SCV x2  
  67  5:57  Marine x3  
  67  5:59  SCV x2  
  75  6:07  Refinery  
Show
View Real Time Build Order
Export as new Build Order

TYTY Terran 

Build Orders:  

Get SALT Encoding   

  12  0:00  SCV  
  13  0:12  SCV  
  14  0:18  Supply Depot  
  14  0:24  SCV  
  15  0:39  SCV  
  15  0:42  Barracks  
  16  0:44  Refinery  
  16  0:51  SCV  
  17  1:03  SCV  
  18  1:16  SCV  
  19  1:29  Orbital Command, Marine  
  20  1:40  Command Center  
  20  1:47  Reaper  
  20  1:52  Supply Depot  
  21  1:55  SCV  
  22  2:04  Factory  
  22  2:08  SCV  
  23  2:17  Refinery  
  23  2:19  Marine  
  23  2:20  SCV  
  25  2:32  SCV  
  25  2:37  Marine  
  26  2:44  SCV  
  26  2:47  Starport  
  26  2:48  Widow Mine  
  29  2:55  Marine  
  29  2:56  SCV  
  31  3:12  SCV  
  32  3:13  Marine  
  32  3:17  Orbital Command  
  32  3:19  Cyclone  
  36  3:24  Medivac, SCV  
  39  3:31  Marine  
  40  3:36  Supply Depot, SCV  
  41  3:42  SCV  
  42  3:48  SCV  
  42  3:51  Cyclone  
  46  3:57  Viking  
  46  3:58  SCV  
  46  3:59  Supply Depot  
  46  4:00  SCV  
  50  4:10  SCV  
  50  4:12  Supply Depot  
  50  4:14  SCV  
  52  4:22  SCV  
  53  4:26  SCV  
  55  4:31  Command Center  
  55  4:32  Barracks Tech Lab  
  55  4:34  SCV  
  55  4:38  SCV  
  53  4:45  Starport Reactor, Factory Reactor  
  53  4:46  SCV  
  53  4:50  SCV  
  53  4:51  Barracks  
  53  4:52  Barracks, Marine  
  56  4:59  SCV  
  57  5:01  Engineering Bay  
  57  5:02  SCV, Engineering Bay  
  58  5:11  SCV  
  55  5:14  SCV  
  55  5:19  Marine  
  50  5:23  SCV  
  50  5:26  Refinery x2, SCV  
  49  5:30  Starport Reactor  
  49  5:31  Factory Tech Lab  
  49  5:35  SCV  
  50  5:37  Marine  
  50  5:39  SCV  
  52  5:43  Missile Turret  
  52  5:44  Bunker  
  52  5:46  Marine x4  
  52  5:47  SCV  
  57  5:51  SCV  
  57  5:55  Marine  
  60  5:58  Missile Turret  
  60  5:59  Supply Depot, SCV  
Tags
 
Add a new tag
Caveats
  • Supply blocks, unpowered buildings, or Contaminate may cause inaccurate times.
  • Supply counts are checked every 10 seconds.